 Dungeon Crawl Stone Soup version 0.21.1-1-g345015fe64 (webtiles) character file.

961 LevaFresel the Quickloader (level 8, -2/50 HPs)
             Began as a Kobold Hunter on June 5, 2018.
             Was a Follower of Okawaru.
             Slain by a freed slave (8 damage)
             ... led by Pikel
             ... on level 5 of the Dungeon.
             The game lasted 00:21:40 (3384 turns).

LevaFresel the Quickloader (Kobold Hunter)          Turns: 3384, Time: 00:21:41

Health: -2/50      AC:  8    Str: 11    XL:     8   Next: 37%
Magic:  8/8        EV: 13    Int: 13    God:    Okawaru [*.....]
Gold:   152        SH:  0    Dex: 15    Spells: 7/7 levels left

rFire    . . .     SeeInvis .   a - +1 hand crossbow
rCold    . . .     Gourm    .   (shield restricted)
rNeg     . . .     Faith    .   D - +0 scale mail
rPois    .         Spirit   .   (no helmet)
rElec    .         Reflect  .   (no cloak)
rCorr    .         Harm     .   (no gloves)
MR       .....                  (no boots)
Stlth    ..........             (no amulet)
HPRegen  0.16/turn              k - +2 ring of protection
MPRegen  0.11/turn              (no ring)

@: no status effects
A: small, carnivore
a: Heroism, Renounce Religion


You were on level 5 of the Dungeon.
You worshipped Okawaru.
Okawaru was aware of your devotion.
You were hungry.

You visited 1 branch of the dungeon, and saw 5 of its levels.

You collected 152 gold pieces.

Inventory:

Hand Weapons
 a - a +1 hand crossbow (weapon)
 b - a +1 whip of venom
 E - a +3 dagger of draining
Missiles
 d - 19 bolts (quivered)
 i - 2 tomahawks of returning
 B - 8 steel tomahawks
Armour
 l - a +0 helmet
 n - a +0 pair of boots
 r - a +0 cloak
 t - a +2 shield
 x - a +0 plate armour
 z - a +0 chain mail
 D - a +0 scale mail (worn)
Jewellery
 k - a +2 ring of protection (left hand)
 A - an uncursed amulet of the gourmand {unknown}
Scrolls
 c - a scroll of enchant armour {unknown}
 g - 2 scrolls of amnesia
 o - a scroll of immolation {unknown}
 q - a scroll of enchant weapon {unknown}
 s - 3 scrolls of teleportation {unknown}
 u - a scroll of blinking {unknown}
 y - a scroll of remove curse {unknown}
Potions
 e - 2 potions of flight {unknown}
 h - a potion of mutation {unknown}
 j - 2 potions of invisibility {unknown}
 m - 5 potions of brilliance {unknown}
 p - a potion of might {unknown}
 v - a potion of ambrosia {unknown}
Comestibles
 f - 4 rations


   Skills:
 + Level 5.4 Fighting
 * Level 9.1 Crossbows
 + Level 5.9 Dodging
 - Level 1.3 Stealth


You had 7 spell levels left.
You didn't know any spells.

Dungeon Overview and Level Annotations

Branches:
Dungeon (5/15)
 Temple: D:4-7

Altars:
Makhleb
Nemelex Xobeh
Okawaru
Qazlal
Ru
Uskayaw
Xom


Innate Abilities, Weirdness & Mutations

You are small and have problems with some larger weapons.
You are carnivorous and can eat meat at any time.


Message History

The sky beast flickers out of sight!
Deactivating autopickup; reactivate with Ctrl-A.
The ogre barely misses the freed slave.
The freed slave hits the ogre!
The ogre dies!
The freed slave closely misses something.
Something hits the freed slave but does no damage.
The freed slave misses something.
The freed slave seems less drained.
Something barely misses the freed slave.
The freed slave barely misses something.
Something hits the freed slave.
Something shocks the freed slave.
The freed slave closely misses something.
Firing (i - inventory. (,) - cycle):
d - 20 bolts (quivered)
Press: ? - help, Shift-Dir - straight line Really fire in the non-hostile freed slave's direction?
You shoot a bolt.
The bolt hits the freed slave but does no damage.
The freed slave is almost dead.
The freed slave hits you!
You die...

##.........#
#.......#.#
#...YO###.#
......##..Y.##
...#..#..##O.#
#.###...###..#
#. #..# #.##
#.. #.#####
...# #(≈{p@#
.... #.######
##. ... #..#
##. ##


You could see a freed slave.

Vanquished Creatures
  Pikel (D:5)
  A phantom (D:4)
  A scorpion (D:3)
  An orc priest (D:3)
  An orc wizard (D:3)
  3 iguanas
  2 worker ants (D:4)
  5 adders
  2 oozes
  3 worms (D:2)
  4 dart slugs
  A leopard gecko (D:2)
  11 orcs (D:3)
  7 bats
  2 giant cockroaches
  16 goblins
  8 hobgoblins
  7 jackals
  A quokka (D:2)
  3 frilled lizards
  12 kobolds
  7 rats
99 creatures vanquished.

Vanquished Creatures (others)
  An ogre (D:5)
1 creature vanquished.

Grand Total: 100 creatures vanquished

Notes
Turn   | Place    | Note
-------+----------+-------------------------------------------
     0 | D:1      | LevaFresel the Kobold Hunter began the quest for the Orb.
     0 | D:1      | Reached XP level 1. HP: 12/12 MP: 1/1
    75 | D:1      | Reached skill level 5 in Crossbows
   174 | D:1      | Reached XP level 2. HP: 18/18 MP: 2/2
   362 | D:1      | Reached XP level 3. HP: 22/22 MP: 3/3
   998 | D:2      | Reached XP level 4. HP: 24/27 MP: 4/4
  1005 | D:2      | Found a stormy altar of Qazlal.
  1225 | D:2      | Reached skill level 6 in Crossbows
  1337 | D:2      | Found a sacrificial altar of Ru.
  1353 | D:2      | Reached XP level 5. HP: 26/32 MP: 5/5
  1557 | D:2      | Found a sparkling altar of Nemelex Xobeh.
  2019 | D:3      | Found an iron altar of Okawaru.
  2019 | D:3      | Found a burning altar of Makhleb.
  2020 | D:3      | Found a shimmering altar of Xom.
  2047 | D:3      | Found a hide-covered altar of Uskayaw.
  2079 | D:3      | Became a worshipper of Warmaster Okawaru
  2716 | D:3      | Reached XP level 6. HP: 38/38 MP: 6/6
  2794 | D:3      | Reached skill level 7 in Crossbows
  3115 | D:4      | Reached XP level 7. HP: 43/43 MP: 7/7
  3289 | D:4      | Noticed Pikel
  3335 | D:5      | Entered Level 5 of the Dungeon
  3358 | D:5      | HP: 2/44 [ogre/giant spiked club (3)]
  3375 | D:5      | Killed Pikel
  3375 | D:5      | Reached * piety under Okawaru
  3375 | D:5      | Reached skill level 5 in Fighting
  3375 | D:5      | Reached skill level 9 in Crossbows
  3375 | D:5      | Reached skill level 5 in Dodging
  3375 | D:5      | Reached XP level 8. HP: 5/49 MP: 8/8
  3384 | D:5      | Slain by a freed slave

Skill      XL: |  1  2  3  4  5  6  7 |
---------------+----------------------+-----
Crossbows      | 5 6 7 9 |  9.1
Dodging        | 3 4 5 |  5.9
Fighting       | 3 4 5 |  5.4
Stealth        | |  1.3

Action                   |  1- 3 |  4- 6 |  7- 9 || total
-------------------------+-------+-------+-------++-------
Melee: Whip              |     5 |    10 |    15 ||    30
       Dagger            |       |       |    21 ||    21
 Fire: Hand crossbow     |    57 |   178 |    25 ||   260
Throw: Tomahawk          |       |     6 |       ||     6
  Use: Scroll            |       |     3 |       ||     3
  Eat: Ration            |       |     3 |       ||     3
       Chunk             |       |     1 |       ||     1
Armor: Leather armour    |       |    14 |       ||    14
       Scale mail        |       |     3 |    15 ||    18
Dodge: Dodged            |    12 |    79 |    33 ||   124
